 Dungeon Crawl Stone Soup version 0.25-a0-294-gea9b1ad378 (webtiles) character file.

Game seed: 15067890272479462028, levelgen mode: deterministic

19568 kae the Fencer (level 12, -1/106 HPs)
             Began as a Minotaur Fighter on Dec 19, 2019.
             Was an Elder of Qazlal.
             Slain by a five-headed hydra (4 damage)
             ... on level 1 of the Lair of Beasts.
             The game lasted 00:14:40 (13148 turns).

kae the Fencer (Minotaur Fighter)                  Turns: 13148, Time: 00:14:41

Health: -1/106     AC:  8    Str: 22    XL:     12   Next: 37%
Magic:  17/17      EV: 14    Int:  5    God:    Qazlal [****..]
Gold:   906        SH:  5    Dex: 17    Spells: 11/11 levels left

rFire    . . .     SeeInvis +   o - +9 great sword "Xirghoih" {slice, rC+ Int-2 Dex+5 SInv}
rCold    + . .     Gourm    .   (shield currently unavailable)
rNeg     . . .     Faith    .   b - +0 scale mail
rPois    .         Spirit   .   (helmet restricted)
rElec    .         Reflect  .   (no cloak)
rCorr    .         Harm     .   e - +0 pair of gloves
MR       .....                  (no boots)
Stlth    ..........             (no amulet)
HPRegen  0.27/turn              r - +5 ring of evasion
MPRegen  0.15/turn              p - ring of flight

@: about to teleport, studying 2 skills, repel missiles
A: retaliatory headbutt, horns 2
a: Upheaval, Elemental Force, Renounce Religion, Evoke Flight


You were on level 1 of the Lair of Beasts.
You worshipped Qazlal.
Qazlal was greatly pleased with you.
You were not hungry.

You visited 2 branches of the dungeon, and saw 12 of its levels.

You collected 906 gold pieces.

Inventory:

Hand Weapons
 a - a +1 long sword
 o - the +9 great sword "Xirghoih" (weapon) {slice, rC+ Int-2 Dex+5 SInv}
   (You acquired it on level 11 of the Dungeon)

   It inflicts extra damage upon your enemies.
   It affects your intelligence (-2).
   It affects your dexterity (+5).
   It protects you from cold.
   It lets you see invisible.
 u - a +2 great sword of draining
Missiles
 M - 7 javelins (quivered)
Armour
 b - a +0 scale mail (worn)
 c - a +1 shield
 e - a +0 pair of gloves (worn)
Jewellery
 p - a ring of flight (right hand)
 q - an uncursed ring of magical power
 r - a +5 ring of evasion (left hand)
 C - an uncursed ring of poison resistance
 J - an uncursed ring of resist corrosion {unknown}
 N - a +5 ring of strength
 P - a +4 ring of strength
Wands
 n - a wand of polymorph (5)
 t - a wand of paralysis (6)
 x - a wand of flame (34)
 D - a wand of iceblast (9)
 E - a wand of enslavement (9)
 G - a wand of clouds (3)
 H - a wand of disintegration (4)
Scrolls
 g - 2 scrolls of enchant weapon
 j - a scroll of noise
 l - 5 scrolls of amnesia
 w - a scroll of enchant armour
 I - a scroll of holy word {unknown}
 L - 3 scrolls of acquirement
 O - a scroll of brand weapon
Potions
 d - 5 potions of might
 h - a potion of cancellation {unknown}
 i - 5 potions of flight
 k - 3 potions of curing
 m - 2 potions of heal wounds
 v - 3 potions of lignification
 z - a potion of brilliance
 B - a potion of haste
 F - 2 potions of mutation {unknown}
 K - a potion of berserk rage {unknown}
 Q - a potion of invisibility
 R - a potion of degeneration {unknown}
 S - 2 potions of magic {unknown}
 T - a potion of ambrosia
Books
 y - a manual of Earth Magic
 A - a manual of Spellcasting
Comestibles
 f - 22 rations


   Skills:
 - Level 10.0 Fighting
 + Level 19.0 Long Blades
 - Level 3.6 Armour
 - Level 3.6 Shields
 - Level 8.1 Invocations


You had 11 spell levels left.
You didn't know any spells.
Your spell library contained the following spells:

 Spells                   Type           Power        Failure   Level  Hunger
 Animate Skeleton         Necr           N/A          80%         1    ##.....
 Magic Dart               Conj           #...         80%         1    ##.....
 Pain                     Necr           #...         80%         1    ##.....
 Sandblast                Erth           #.....       80%         1    ##.....
 Blink                    Tloc           N/A          90%         2    ###....
 Call Imp                 Summ           #.......     90%         2    ###....
 Passwall                 Tmut/Erth      #.......     90%         2    ###....
 Slow                     Hex            #.......     90%         2    ###....
 Conjure Flame            Conj/Fire      #.......     99%         3    ####...
 Mephitic Cloud           Conj/Pois/Air  #.......     99%         3    ####...
 Regeneration             Chrm/Necr      #.........   99%         3    ####...
 Stone Arrow              Conj/Erth      #.....       99%         3    ####...
 Vampiric Draining        Necr           #.........   99%         3    ####...
 Animate Dead             Necr           N/A          100%        4    #####..
 Petrify                  Tmut/Erth      #.......     100%        4    #####..
 Lee's Rapid Deconstruct  Erth           #.........   100%        5    ######.


Dungeon Overview and Level Annotations

Branches:
Dungeon (11/15)            Temple (0/1) D:7            Lair (1/6) D:11
    Orc (0/2) D:9

Altars:
Ashenzari
Elyvilon
Fedhas
Qazlal
Ru
Sif Muna
Uskayaw
Wu Jian
Yredelemnul

Shops:
D:10 %


Innate Abilities, Weirdness & Mutations

You reflexively headbutt those who attack you in melee.
You have a pair of horns on your head.


Message History

The five-headed hydra misses you.
The five-headed hydra barely misses you.
The five-headed hydra bites you.
* * * LOW HITPOINT WARNING * * *
The five-headed hydra bites you.
* * * LOW HITPOINT WARNING * * *
The blink frog blinks! x2
As you read the scroll of teleportation, it crumbles to dust.
You feel strangely unstable.
The five-headed hydra closely misses you.
You furiously retaliate!
You headbutt the five-headed hydra!
You riposte.
You slice the five-headed hydra!!
The five-headed hydra is heavily wounded.
You block the five-headed hydra's attack.
The five-headed hydra bites you!
* * * LOW HITPOINT WARNING * * *
The five-headed hydra bites you!
* * * LOW HITPOINT WARNING * * *
The five-headed hydra bites you.
You die...

## ############ #.#
####........>.###.#
#..○[D@F.F.F...#.#
........☼§○.........#
.......§○.§.........#
.....F..............####
/......................###
..........................
..................#####...
........%.....##### #...
......# ##..


You could see a five-headed hydra and 4 blink frogs.

Vanquished Creatures
  Gastronok (Lair:1)
  3 hydras
  2 two-headed ogres (D:10)
  3 death yaks (D:11)
  Urug (D:10)
  Sonja (D:10)
  The ghost of Tenar the Firebug, a novice DsFE of Gozag (D:6)
  2 spiny frogs (Lair:1)
  A komodo dragon (Lair:1)
  A hornet (D:8)
  A blink frog (Lair:1)
  3 hippogriffs
  A vampire (D:11)
  7 yaks
  A spriggan (D:9)
  A wyvern (D:11)
  A basilisk (Lair:1)
  A hungry ghost (D:7)
  A steam dragon (D:10)
  A warg (D:9)
  An acid dragon (D:6)
  2 water moccasins
  4 porcupines
  3 ice beasts
  2 sky beasts
  A hornet zombie (D:11)
  3 black bears
  2 phantoms
  7 ogres
  5 boggarts (D:11)
  13 centaurs
  10 bullfrogs
  3 gnoll sergeants
  A big kobold (D:7)
  A water moccasin skeleton (D:6)
  A wyvern skeleton (D:11)
  2 scorpions
  6 killer bees
  8 wights
  4 howler monkeys
  2 crimson imps
  2 bullfrog zombies
  A quasit (D:9)
  5 hounds
  A centaur skeleton (D:6)
  2 gnoll shamans
  3 orc priests
  5 jellies
  21 orc wizards
  3 iguanas
  Terence (D:3)
  A hell rat (D:11)
  7 worker ants
  2 hound skeletons
  9 adders
  24 gnolls
  A howler monkey skeleton (D:9)
  A river rat (D:11)
  A shadow imp (D:5)
  2 oozes
  3 adder zombies
  3 adder skeletons
  3 worms
  A dart slug (D:2)
  9 leopard geckos
  51 orcs
  A giant cockroach (D:7)
  7 hobgoblins
  6 jackals
  7 kobolds
  11 quokkas
  2 bats (D:2)
  5 frilled lizards
  5 goblins
  A leopard gecko skeleton (D:4)
  A quokka zombie (D:7)
  4 rats
327 creatures vanquished.

Vanquished Creatures (others)
  6 plants (D:6)
6 creatures vanquished.

Grand Total: 333 creatures vanquished

Notes
Turn   | Place    | Note
-------+----------+-------------------------------------------
     0 | D:1      | kae the Minotaur Fighter began the quest for the Orb.
     0 | D:1      | Reached XP level 1. HP: 19/19 MP: 0/0
   246 | D:1      | Reached skill level 3 in Long Blades
   858 | D:2      | Reached XP level 2. HP: 26/26 MP: 1/1
   867 | D:2      | Found a basalt altar of Yredelemnul.
  1014 | D:2      | Reached skill level 4 in Long Blades
  1191 | D:2      | Reached XP level 3. HP: 31/31 MP: 2/2
  1636 | D:2      | Found a sacrificial altar of Ru.
  1851 | D:3      | Reached skill level 5 in Long Blades
  1907 | D:3      | Noticed Terence
  1917 | D:3      | Killed Terence
  1917 | D:3      | Reached XP level 4. HP: 38/39 MP: 3/3
  1969 | D:3      | Found a shimmering blue altar of Sif Muna.
  1985 | D:3      | Found a shattered altar of Ashenzari.
  2146 | D:3      | Noticed a centaur
  2161 | D:3      | Killed a centaur
  2161 | D:3      | Reached skill level 6 in Long Blades
  2161 | D:3      | Reached XP level 5. HP: 37/45 MP: 4/4
  2431 | D:4      | Noticed an ogre
  2433 | D:4      | Killed an ogre
  2433 | D:4      | Reached skill level 7 in Long Blades
  2433 | D:4      | Reached XP level 6. HP: 51/51 MP: 5/5
  2489 | D:4      | Reached skill level 8 in Long Blades
  2833 | D:4      | Reached skill level 9 in Long Blades
  3065 | D:4      | Reached XP level 7. HP: 52/57 MP: 6/6
  3303 | D:4      | Found a hide-covered altar of Uskayaw.
  3908 | D:5      | Entered Level 5 of the Dungeon
  3965 | D:5      | Reached skill level 10 in Long Blades
  4144 | D:5      | Reached skill level 11 in Long Blades
  4341 | D:5      | Found a stormy altar of Qazlal.
  4363 | D:5      | Became a worshipper of Qazlal Stormbringer
  4373 | D:5      | Found a white marble altar of Elyvilon.
  4387 | D:5      | Reached XP level 8. HP: 64/64 MP: 7/7
  4756 | D:6      | Noticed a hippogriff
  4773 | D:6      | Reached skill level 12 in Long Blades
  4778 | D:6      | Killed a hippogriff
  4930 | D:6      | Reached skill level 13 in Long Blades
  5093 | D:6      | Reached * piety under Qazlal
  5154 | D:6      | Noticed Tenar's ghost (novice DsFE)
  5176 | D:6      | Found a transporter.
  5182 | D:6      | Found a transporter.
  5521 | D:6      | Reached XP level 9. HP: 42/70 MP: 8/8
  5718 | D:6      | Reached skill level 14 in Long Blades
  6371 | D:6      | Reached ** piety under Qazlal
  6382 | D:6      | Reached skill level 5 in Fighting
  6472 | D:6      | Killed Tenar's ghost
  6936 | D:7      | Reached skill level 1 in Invocations
  7262 | D:7      | Found a staircase to the Ecumenical Temple.
  7344 | D:7      | Found an ornate altar of the Wu Jian Council.
  7576 | D:8      | Reached XP level 10. HP: 81/91 MP: 11/11
  7706 | D:8      | Reached *** piety under Qazlal
  8233 | D:9      | Reached skill level 5 in Invocations
  8250 | D:9      | Reached skill level 10 in Fighting
  8453 | D:9      | Reached **** piety under Qazlal
  8736 | D:9      | Found a staircase to the Orcish Mines.
  9132 | D:10     | Entered Level 10 of the Dungeon
  9159 | D:10     | Found Zibuu's Food Boutique.
  9167 | D:10     | Noticed an eight-headed hydra
  9202 | D:10     | Noticed a two-headed ogre
  9438 | D:10     | Noticed Urug
  9440 | D:10     | Killed a nine-headed hydra
  9591 | D:10     | Killed Urug
  9603 | D:10     | Killed a two-headed ogre
  9603 | D:10     | Reached XP level 11. HP: 67/99 MP: 11/16
  9794 | D:10     | Reached skill level 15 in Long Blades
  9980 | D:10     | Noticed Sonja
  9998 | D:10     | Killed Sonja
 10029 | D:10     | Found a blossoming altar of Fedhas.
 10343 | D:10     | Noticed a two-headed ogre
 10351 | D:10     | Killed a two-headed ogre
 10566 | D:11     | Identified 4 scrolls of acquirement
 10567 | D:11     | Got a bloodstained great sword
 10575 | D:11     | Identified the +9 great sword "Xirghoih" {slice, rC+ Int-2
                  | Dex+5 SInv} (You acquired it on level 11 of the Dungeon)
 10625 | D:11     | Reached skill level 16 in Long Blades
 10683 | D:11     | Noticed a death yak
 10686 | D:11     | Noticed a death yak
 10688 | D:11     | Noticed a death yak
 10691 | D:11     | Killed a death yak
 10698 | D:11     | Killed a death yak
 10702 | D:11     | Killed a death yak
 10705 | D:11     | Reached skill level 17 in Long Blades
 10709 | D:11     | Found a staircase to the Lair.
 11133 | D:11     | Noticed a four-headed hydra
 11139 | D:11     | Noticed an eight-headed hydra
 11838 | Lair:1   | Entered Level 1 of the Lair of Beasts
 11950 | Lair:1   | Reached XP level 12. HP: 106/106 MP: 17/17
 12199 | Lair:1   | Noticed an eight-headed hydra
 12205 | Lair:1   | Killed an 11-headed hydra
 12205 | Lair:1   | Reached skill level 18 in Long Blades
 12208 | Lair:1   | HP: 3/106 [porcupine's spines (8)]
 12309 | Lair:1   | Noticed a four-headed hydra
 12327 | Lair:1   | Noticed Gastronok
 12577 | Lair:1   | Killed a six-headed hydra
 13136 | Lair:1   | Noticed a five-headed hydra
 13146 | Lair:1   | Killed Gastronok
 13146 | Lair:1   | Reached skill level 19 in Long Blades
 13148 | Lair:1   | HP: 3/106 [five-headed hydra (9)]
 13148 | Lair:1   | Slain by a five-headed hydra

Levels and vault maps discovered:
D:1:      matt_arrival_spirals, layout_basic, minmay_misc_feat_plants
D:2:      layout_basic, nicolae_ru_path_of_blood, lemuel_crystal_altar,
          nicolae_overflow_hidden_temple
D:3:      layout_basic, lemuel_round_altar, nicolae_overflow_crystal_walls,
          first_ration, uniq_terence
D:4:      layout_basic, lemuel_crystal_altar, grunt_ministairs_14
D:5:      layout_rooms, elyvilon_altar_5, grunt_qazlal_clouds
D:6:      layout_basic, gammafunk_ghost_gnarly_gnolls, corexii_hall_statues_l,
          minmay_manual_macuahuitl
D:7:      kennysheep_six_static_rooms, layout_basic, kennysheep_mini,
          temple_fountains
D:8:      cheibrodos_helix_gallery, layout_rooms
D:9:      layout_rooms, david_orc_3, grunt_pizzeria
D:10:     layout_basic, serial_shops, shop, fedhas_altar_4, uniq_sonja,
          uniq_urug
D:11:     layout_roguey, dpeg_lair_monsters, minmay_misc_feat_iff
Lair:1:   layout_layer_cave, nzn_random_ring, uniq_gastronok

Skill      XL: |  1  2  3  4  5  6  7  8  9 10 11 12 |
---------------+-------------------------------------+-----
Long Blades    | 3 4 5 6 7 9 11 13 14 17 19 | 19.0
Fighting       | 9 10 | 10.0
Invocations    | 3 8 |  8.1
Armour         | |  3.6
Shields        | |  3.6

Action                   |  1- 3 |  4- 6 |  7- 9 | 10-12 || total
-------------------------+-------+-------+-------+-------++-------
Melee: Long sword        |    96 |    97 |   372 |   285 ||   850
       Headbutt          |    16 |    18 |    68 |    94 ||   196
       Great sword       |       |       |       |   117 ||   117
Invok: Upheaval          |       |       |       |     4 ||     4
Evoke: Wand              |       |       |       |     9 ||     9
  Use: Scroll            |     7 |       |     5 |    12 ||    24
       Potion            |       |       |     9 |     3 ||    12
 Stab: Paralysed         |       |       |       |     6 ||     6
  Eat: Chunk             |     3 |     4 |     9 |    14 ||    30
       Ration            |       |       |     2 |     1 ||     3
Armor: Scale mail        |    27 |    32 |    85 |    68 ||   212
       Skin              |       |       |     8 |       ||     8
Dodge: Dodged            |    21 |    14 |   105 |   145 ||   285
       Deflected         |       |       |       |     2 ||     2
Block: Shield            |    40 |    49 |   186 |   155 ||   430
       Other             |       |       |       |    29 ||    29
       Rpst.: Long sword |     6 |     5 |    28 |    11 ||    50
       Great sword       |       |       |       |    16 ||    16

Table legend:
 A = Non-vault XP
 B = Vault XP
 C = Vault XP percentage of total XP
 D = Non-vault monster count
 E = Vault monster count
 F = Vault count percentage of total count
                 A         B        C        D         E       F
            +---------+---------+-------+---------+---------+-------
      Total |   15994 |   11961 |  42.8 |     278 |      49 |  15.0
            +---------+---------+-------+---------+---------+-------
        D:1 |      10 |       0 |   0.0 |       6 |       0 |   0.0
        D:2 |      67 |       0 |   0.0 |      23 |       0 |   0.0
        D:3 |     162 |      36 |  18.2 |      14 |       1 |   6.7
        D:4 |     558 |     124 |  18.2 |      34 |       2 |   5.6
        D:5 |     606 |       0 |   0.0 |      20 |       0 |   0.0
        D:6 |    1570 |    1027 |  39.5 |      47 |      14 |  23.0
        D:7 |     921 |     136 |  12.9 |      19 |       2 |   9.5
        D:8 |    1486 |     154 |   9.4 |      25 |       2 |   7.4
        D:9 |    1076 |     466 |  30.2 |      31 |       7 |  18.4
       D:10 |    4380 |    1646 |  27.3 |      18 |       2 |  10.0
       D:11 |    3347 |    3116 |  48.2 |      33 |      11 |  25.0
     Lair:1 |    1811 |    5256 |  74.4 |       8 |       8 |  50.0
            +---------+---------+-------+---------+---------+-------
